 Dungeon Crawl Stone Soup version 0.29.1-15-g9cfb28693d (webtiles) character file.

Game seed: 17129124351686303270

168 jtron the Covered (level 5, -1/37 HPs)
             Began as a Gnoll Wanderer on Mar 20, 2023.
             Slain by an ice beast (8 damage)
             ... on level 3 of the Dungeon.
             The game lasted 00:07:16 (3306 turns).

jtron the Covered (Gnoll Wanderer)                  Turns: 3306, Time: 00:07:16

Health: -1/37      AC:  5    Str: 13    XL:     5   Next: 49%
Magic:  9/9        EV: 11    Int: 14    God:
Gold:   164        SH:  0    Dex:  9    Spells: 9/10 levels left

rFire   . . .      SeeInvis .   a - +2 spear
rCold   . . .      Faith    .   (no shield)
rNeg    . . .      Spirit   .   e - +0 leather armour
rPois   .          Reflect  .   (no helmet)
rElec   .          Harm     .   (no cloak)
rCorr   .          Rampage  .   (no gloves)
Will    .....                   h - +0 pair of boots
Stlth   +.........              (no amulet)
HPRegen 0.12/turn               (no ring)
MPRegen 0.11/turn               (no ring)

@: no status effects
A: fangs 1, strong nose, distributed training
a: no special abilities


You were on level 3 of the Dungeon.
You visited 1 branch of the dungeon, and saw 4 of its levels.

You collected 198 gold pieces.
You spent 34 gold pieces at shops.

Inventory:

Hand Weapons
 a - a +2 spear (weapon)
 b - a +0 sling
 c - a +0 dagger
Missiles
 f - 32 stones
 j - 11 poisoned darts (quivered)
Armour
 e - a +0 leather armour (worn)
 h - a +0 pair of boots (worn)
Scrolls
 d - 3 scrolls of blinking
 g - a scroll of fear {unknown}
 k - a scroll of amnesia
 l - a scroll of silence
 n - 2 scrolls of fog
 o - a scroll of immolation
 s - a scroll of teleportation {unknown}
Potions
 i - a potion of heal wounds
 m - a potion of haste
 q - 2 potions of brilliance
 r - a potion of curing
 t - 2 potions of cancellation {unknown}
 u - a potion of might
 v - a potion of resistance
 w - a potion of mutation {unknown}


   Skills:
 + Level 1.6 Fighting
 + Level 1.6 Short Blades
 + Level 1.6 Long Blades
 + Level 1.6 Axes
 + Level 1.6 Maces & Flails
 + Level 6.7 Polearms
 + Level 1.6 Staves
 + Level 1.6 Ranged Weapons
 + Level 4.8 Throwing
 + Level 6.7 Armour
 + Level 1.6 Dodging
 + Level 1.6 Stealth
 + Level 1.6 Shields
 + Level 1.6 Unarmed Combat
 + Level 3.2 Spellcasting
 + Level 1.2 Conjurations
 + Level 1.2 Hexes
 + Level 1.2 Summonings
 + Level 2.4 Necromancy
 + Level 1.2 Translocations
 + Level 1.2 Transmutations
 + Level 1.2 Fire Magic
 + Level 1.2 Ice Magic
 + Level 1.2 Air Magic
 + Level 1.2 Earth Magic
 + Level 1.2 Poison Magic
 + Level 1.8 Invocations
 + Level 1.6 Evocations


You had 9 spell levels left.
You knew the following spells:

 Your Spells              Type           Power      Damage    Failure   Level
a - Necrotise             Necr           36%        1d5       10%         1

Your spell library contained the following spells:

 Spells                   Type           Power      Damage    Failure   Level
 Vampiric Draining        Necr           9%         2d6       28%         3
 Tukima's Dance           Hex            5%         N/A       41%         3
 Passage of Golubria      Tloc           5%         N/A       83%         4
 Yara's Violent Unravell  Hex/Tmut       2%         3d3       99%         5


Dungeon Overview and Level Annotations

Branches:
Dungeon (4/15)
 Temple: D:4-7

Altars:
Hepliaklqana

Shops:
D:1 *


Innate Abilities, Weirdness & Mutations

You have very sharp teeth.
Your uncanny sense of smell can sniff out nearby items.
Your experience applies equally to all skills.


Message History

Aim: an orc priest, wielding a +0 hand axe (56% to hit)
You throw a poisoned dart.
The poisoned dart closely misses the orc.
The poisoned dart hits the orc priest!
The orc priest is poisoned.
The orc closely misses you.
You closely miss the orc. You hit the orc.
The orc is heavily wounded.
The orc hits you with a +0 flail!
You barely miss the orc.
The orc is heavily wounded.
The orc priest mumbles some strange prayers to Beogh against you.
Beogh smites you! The orc closely misses you.
Throw: 12 darts (poison)
Press: ? - help, Q - select action, (/) - cycle Shift-Dir - straight line, f/p - orc priest
Aim: an orc priest, wielding a +0 hand axe (heavily wounded, poisoned, 56% to hit)
You throw a poisoned dart. The poisoned dart hits the orc.
The orc is heavily wounded.
The orc hits you with a +0 flail.
You barely miss the orc.
The orc is heavily wounded.
You closely miss the orc.
The orc is heavily wounded.
The orc completely misses you. The orc attacks as you move away!
The orc completely misses you.
The orc priest looks more healthy.
The orc attacks as you move away! The orc hits you but does no damage.
The orc attacks as you move away! The orc hits you but does no damage.
The orc attacks as you move away! The orc misses you.
There is a stone staircase leading up here.
The orc barely misses you.
You climb upwards.
There is a stone staircase leading down here.
The orc closely misses you. The ice beast barely misses you.
The orc attacks as you move away! The orc hits you with a +0 flail.
* * * LOW HITPOINT WARNING * * *
The ice beast hits you.
* * * LOW HITPOINT WARNING * * *
The ice beast freezes you!
You die...

######## #......#
#......# ##
##########......###.
#>................#.
#.................'.
#.Yo######......#.#.
###@# #......#.##
#.## #......#.#
#..## #......#.#
##..###########.##
##....# #.#. ####.#
#.#. ##.########.#.
#.รท.......#.#.
#.........#.#.


You could see an ice beast and an orc.

Vanquished Creatures
  Natasha (thrice) (D:2)
  A gnoll (D:1)
  5 adders
  2 worms
  2 endoplasms (D:1)
  2 giant cockroaches
  3 goblins
  4 hobgoblins
  5 kobolds
  3 ball pythons
  5 bats (D:1)
  2 frilled lizards
  3 rats
40 creatures vanquished.

Notes
Turn   | Place    | Note
-------+----------+-------------------------------------------
     0 | D:1      | jtron the Gnoll Wanderer began the quest for the Orb.
     0 | D:1      | jtron set off with the following items: a +2 spear, 10
                  | poisoned darts, a +0 dagger, a scroll of blinking, a +0
                  | leather armour; and the following spell memorised:
                  | Necrotise; and the following spells available to memorise:
                  | Vampiric Draining.
     0 | D:1      | Reached XP level 1. HP: 13/13 MP: 4/4
   319 | D:1      | Reached XP level 2. HP: 14/19 MP: 2/5
   744 | D:1      | Found Dofruw's Assorted Antiques.
   771 | D:1      | Bought a sling for 34 gold pieces
   779 | D:1      | Found a faded altar of an unknown god.
   897 | D:1      | Reached XP level 3. HP: 25/25 MP: 4/7
  1548 | D:2      | Noticed Natasha
  1564 | D:2      | Killed Natasha
  1565 | D:2      | Reached skill level 1 in Fighting
  1565 | D:2      | Reached skill level 1 in Short Blades
  1565 | D:2      | Reached skill level 1 in Long Blades
  1565 | D:2      | Reached skill level 1 in Axes
  1565 | D:2      | Reached skill level 1 in Maces & Flails
  1565 | D:2      | Reached skill level 1 in Staves
  1565 | D:2      | Reached skill level 1 in Ranged Weapons
  1565 | D:2      | Reached skill level 1 in Dodging
  1565 | D:2      | Reached skill level 1 in Stealth
  1565 | D:2      | Reached skill level 1 in Shields
  1565 | D:2      | Reached skill level 1 in Unarmed Combat
  1565 | D:2      | Reached skill level 1 in Invocations
  1565 | D:2      | Reached skill level 1 in Evocations
  1928 | D:2      | Reached XP level 4. HP: 31/32 MP: 4/8
  1976 | D:2      | Noticed Natasha
  1994 | D:2      | Killed Natasha
  1995 | D:2      | Reached skill level 1 in Conjurations
  1995 | D:2      | Reached skill level 1 in Hexes
  1995 | D:2      | Reached skill level 1 in Summonings
  1995 | D:2      | Reached skill level 1 in Translocations
  1995 | D:2      | Reached skill level 1 in Transmutations
  1995 | D:2      | Reached skill level 1 in Fire Magic
  1995 | D:2      | Reached skill level 1 in Ice Magic
  1995 | D:2      | Reached skill level 1 in Air Magic
  1995 | D:2      | Reached skill level 1 in Earth Magic
  1995 | D:2      | Reached skill level 1 in Poison Magic
  2539 | D:2      | Noticed Natasha
  2556 | D:2      | Killed Natasha
  2557 | D:2      | Reached XP level 5. HP: 21/37 MP: 7/9
  2979 | D:3      | Noticed an ice beast
  3165 | D:3      | Found a hazy altar of Hepliaklqana.
  3306 | D:3      | Slain by an ice beast

Illustrated notes

Levels and vault maps discovered:
D:1:      dpeg_chamrin_arrival_tetris, layout_basic,
          shapermc_ecumenical_altar_notcrosses, serial_shops, shop_coins,
          palyth_stone_intersect
D:2:      layout_basic, uniq_natasha
D:3:      wander_river, layout_basic, amcnicky_altar_gilded
D:4:      layout_basic, nicolae_ossuary_entry_ruins

Skill      XL: |  1  2  3  4 |
---------------+-------------+-----
Necromancy     | 2 |  2.4
Fighting       | 1 |  1.6
Short Blades   | 1 |  1.6
Long Blades    | 1 |  1.6
Axes           | 1 |  1.6
Maces & Flails | 1 |  1.6
Staves         | 1 |  1.6
Ranged Weapons | 1 |  1.6
Dodging        | 1 |  1.6
Stealth        | 1 |  1.6
Shields        | 1 |  1.6
Unarmed Combat | 1 |  1.6
Invocations    | 1 |  1.8
Evocations     | 1 |  1.6
Spellcasting   | 3 |  3.2
Conjurations   | 1 |  1.2
Hexes          | 1 |  1.2
Summonings     | 1 |  1.2
Translocations | 1 |  1.2
Transmutations | 1 |  1.2
Fire Magic     | 1 |  1.2
Ice Magic      | 1 |  1.2
Air Magic      | 1 |  1.2
Earth Magic    | 1 |  1.2
Poison Magic   | 1 |  1.2
Polearms       | |  6.7
Throwing       | |  4.8
Armour         | |  6.7

Action                   |  1- 3 |  4- 6 || total
-------------------------+-------+-------++-------
Melee: Spear             |    63 |    60 ||   123
       Bite              |     3 |     5 ||     8
 Fire: Sling             |     1 |    16 ||    17
Throw: Dart              |     2 |     7 ||     9
 Cast: Necrotise         |    19 |    16 ||    35
  Use: Scroll            |     5 |     5 ||    10
       Potion            |     1 |     1 ||     2
 Stab: Sleeping          |     1 |       ||     1
       Distracted        |       |     1 ||     1
Armor: Leather armour    |    10 |    27 ||    37
Dodge: Dodged            |    29 |    38 ||    67
